 Dungeon Crawl Stone Soup version 0.20.1-1-g8b1a95d (webtiles) character file.

163751 gobwax the Acrobat (level 18, -3/144 HPs)
             Began as a Kobold Berserker on Aug 26, 2017.
             Was a High Priest of Trog.
             Killed from afar by Nikola (26 damage)
             ... with a chain lightning
             ... on level 2 of the Shoals.
             The game lasted 01:31:03 (28700 turns).

gobwax the Acrobat (Kobold Berserker)              Turns: 28700, Time: 01:31:04

Health: -3/144     AC: 15    Str: 29    XL:     18   Next: 47%
Magic:  18/18      EV: 35    Int: 14    God:    Trog [*****.]
Gold:   2664       SH:  0    Dex: 20    Spells: 17/17 levels left

rFire    . . .     SeeInvis .   Z - +8 quick blade (pierce)
rCold    + . .     Gourm    .   (shield restricted)
rNeg     . . .     Faith    .   X - +4 robe of Augmentation {Str+4 Int+4 Dex+4}
rPois    .         Spirit   .   e - +2 hat {MR+}
rElec    .         Reflect  .   A - +0 cloak
rCorr    .         Harm     .   o - +2 pair of gloves
MR       ++...                  C - +0 pair of boots {Fly}
Stlth    ++........             v - amulet of regeneration
Regen    0.8/turn               T - ring of protection from cold
MPRegen  0.2/turn               M - +4 ring of strength

@: berserk cooldown, flying, slowed, very slow
A: fangs 1, icy blue scales 1, carnivore 3, robust 1, strong 1
a: Berserk, Trog's Hand, Brothers in Arms, Burn Spellbooks, Renounce Religion,
Stop Flying


You were on level 2 of the Shoals.
You worshipped Trog.
Trog was extremely pleased with you.
You were near starving.

You visited 5 branches of the dungeon, and saw 26 of its levels.
You also visited: Labyrinth, Bailey and Ice Cave.

You collected 2868 gold pieces.
You spent 204 gold pieces at shops.

Inventory:

Hand Weapons
 Z - a +8 quick blade of piercing (weapon)
Armour
 b - +0 acid dragon scales
 e - a +2 hat of magic resistance (worn)
 o - a +2 pair of gloves (worn)
 r - a +2 pair of boots of running
 A - a +0 cloak (worn)
 C - a +0 pair of boots of flying (worn)
 P - +2 steam dragon scales
 X - the +4 robe of Augmentation (worn) {Str+4 Int+4 Dex+4}
   (You found it on level 6 of the Lair of Beasts)

   It affects your strength (+4).
   It affects your intelligence (+4).
   It affects your dexterity (+4).
Jewellery
 a - the ring of Faicrum {rCorr +Inv rN+}
   (You acquired it on level 6 of the Lair of Beasts)

   [ring of resist corrosion]

   It protects you from negative energy.
   It lets you turn invisible.
 f - an uncursed ring of see invisible
 t - an uncursed ring of poison resistance
 v - an amulet of regeneration (around neck)
 H - an uncursed ring of protection from fire
 M - a +4 ring of strength (right hand)
 O - an uncursed ring of protection from fire
 T - a ring of protection from cold (left hand)
 Y - a +6 ring of intelligence {unknown}
Wands
 i - a wand of iceblast (4/15)
 u - a wand of disintegration (24/24)
 y - a wand of digging (14/24)
 I - a wand of scattershot (6/9)
Scrolls
 d - a scroll of silence
 h - 3 scrolls of identify
 l - 16 scrolls of teleportation
 n - 8 scrolls of remove curse
 E - 3 scrolls of fog
 J - a scroll of enchant armour
 K - 2 scrolls of blinking
 Q - a scroll of recharging
 U - 2 scrolls of fear
 W - a scroll of magic mapping
Potions
 g - 13 potions of curing
 k - 2 potions of agility
 m - a potion of invisibility
 p - 4 potions of flight
 q - 10 potions of haste
 z - a potion of brilliance
 B - 2 potions of might
 G - 3 potions of heal wounds
 N - 2 potions of cancellation
 V - a potion of ambrosia
Books
 j - a book of Frost

   Spells                             Type                      Level
   a - Freeze                         Ice                          1
   b - Throw Frost                    Conjuration/Ice              2
   c - Ozocubu's Armour               Charms/Ice                   3
   d - Throw Icicle                   Conjuration/Ice              4
   e - Summon Ice Beast               Ice/Summoning                4
   Trog disapproves of the use of such an item.
 x - a book of Geomancy

   Spells                             Type                      Level
   a - Sandblast                      Earth                        1
   b - Passwall                       Transmutation/Earth          2
   c - Stone Arrow                    Conjuration/Earth            3
   d - Petrify                        Transmutation/Earth          4
   e - Lee's Rapid Deconstruction     Earth                        5
   Trog disapproves of the use of such an item.
Miscellaneous
 w - a phial of floods
 F - 2 phantom mirrors
 S - a phial of floods
Comestibles
 c - 16 meat rations
 D - 24 royal jellies


   Skills:
 + Level 20.5 Fighting
 - Level 14.3 Short Blades
 - Level 1.5 Armour
 + Level 22.7 Dodging


You had 17 spell levels left.
You didn't know any spells.

Dungeon Overview and Level Annotations

Branches:
Dungeon (15/15)            Temple (0/1) D:7            Lair (6/6) D:11
 Shoals (2/4) Lair:3       Spider (0/4) Lair:3        Slime (0/5) Lair:6
    Orc (2/2) D:11            Elf (1/3) Orc:2        Vaults (0/5) D:13
 Depths (0/5) D:15

Altars:
Dithmenos
Elyvilon
Gozag
Hepliaklqana
Kikubaaqudgha
Makhleb
Qazlal
Ru
Sif Muna
Trog
Uskayaw
Vehumet
Zin
The Shining One

Shops:
D:10 (   D:11 }   D:12 [   Orc:2 *!?=   Shoals:2 ((%:

Annotations:
Lair:4 Sonja


Innate Abilities, Weirdness & Mutations

You are small and have problems with some larger weapons.
You are carnivorous and can eat meat at any time.
You have very sharp teeth.
You are partially covered in icy blue scales. (AC +2)
You are robust. (+10% HP)
Your muscles are strong. (Str +2)


Message History

You puncture Nikola! Your bite misses Nikola.
Nikola is severely wounded.
You closely miss Nikola.
Nikola is severely wounded.
You hit Nikola. You bite Nikola!
Nikola is almost dead.
Nikola casts a spell at you. The bolt of lightning misses you.
The bolt of lightning hits you!
You puncture Nikola!
Nikola is almost dead.
You puncture Nikola! You bite Nikola.
Nikola is almost dead.
Nikola casts a spell.
You hear a mighty clap of thunder!
The lightning arc hits you!
* * * LOW HITPOINT WARNING * * *
The lightning arc hits Nikola.
Nikola dies!
The lightning arc hits you!
You die...

....# ≈≈≈≈≈≈≈≈≈≈ ...#
..≈≈≈≈≈≈≈≈≈
#..###..≈≈≈≈≈≈≈≈≈
#.......≈≈≈≈≈≈≈≈≈
#.....≈≈≈≈≈≈≈≈≈≈≈
#####.≈≈≈≈≈≈≈≈≈≈≈≈≈≈≈
####.....≈≈≈≈≈≈≈≈≈≈≈≈≈≈≈
#........≈≈≈≈≈≈≈≈≈≈≈≈≈≈≈
...%...@.≈≈≈≈≈≈≈≈≈≈≈≈≈≈≈
...≈≈≈.)≈≈≈≈≈≈≈≈≈≈≈≈≈≈≈≈
..≈≈≈...≈≈^≈≈≈≈≈≈≈≈≈≈≈≈≈
.>.≈≈....≈.≈≈≈≈≈≈≈≈≈≈≈≈≈
...≈..#..≈≈≈≈≈≈≈≈≈≈≈≈≈≈≈
≈≈≈≈≈....≈≈≈≈≈≈≈≈≈≈≈≈≈≈≈
≈≈≈≈≈≈..≈≈≈≈≈≈≈≈≈≈≈≈≈≈≈≈
≈≈≈≈≈≈≈≈≈≈≈≈≈≈≈≈≈≈≈≈≈≈≈≈
≈≈≈≈≈≈≈≈≈≈≈≈≈≈≈≈≈≈≈≈≈≈≈≈


There were no monsters in sight!

Vanquished Creatures
  Rupert (D:13)
  Gastronok (D:8)
  A kraken (Shoals:2)
  Kirke (Shoals:1)
  Aizul (Shoals:1)
  A deep elf sorcerer (Elf:1)
  An orc warlord (Orc:1)
  Nessos (D:13)
  The ghost of p0werm0de the Fighter, a journeyman DsBe of Trog (Lair:1)
  A minotaur (Lab)
  3 merfolk impalers (Shoals:2)
  A fire dragon (D:12)
  A yaktaur captain (D:15)
  Erolcha (D:11)
  Fannar (D:10)
  6 hydras
  2 death knights
  8 centaur warriors
  A merfolk avatar (Lair:6)
  5 dancing weapons (Elf:1)
  6 two-headed ogres
  A tengu warrior (D:15)
  3 death yaks (Lair:6)
  Nergalle (D:10)
  4 orc high priests
  2 deep elf knights (Elf:1)
  A fire crab (Lair:5)
  A skeletal warrior (D:15)
  3 sea snakes
  A wizard (Elf:1)
  An obsidian statue (D:10)
  6 orc knights
  2 unseen horrors
  4 oklob plants (Lair:6)
  2 deep elf archers (Elf:1)
  3 harpies (Shoals:2)
  5 cyclopes
  15 deep elf magi
  9 ugly things
  11 manticores
  3 fauns (Shoals:1)
  6 orc sorcerers
  2 centaur zombies
  13 elephants
  3 ice statues
  2 merfolk sirens
  Maurice (D:10)
  A water nymph (Shoals:1)
  4 black mambas
  A gargoyle (D:14)
  10 spiny frogs
  A storm dragon simulacrum (D:15)
  7 rime drakes
  A kobold demonologist (D:14)
  An efreet (D:15)
  12 komodo dragons
  2 freezing wraiths (D:15)
  12 merfolk
  3 wind drakes
  2 polar bears
  6 meliai (D:13)
  A hornet (Lair:6)
  A queen bee (D:13)
  9 trolls
  16 slime creatures
  11 blink frogs
  6 snapping turtles
  7 redbacks (D:15)
  18 hippogriffs
  A water elemental (Shoals:1)
  A spriggan (D:9)
  A vampire (D:15)
  58 yaks
  4 wyverns
  Grum (D:9)
  2 wraiths
  16 humans (D:13)
  A fire elemental (Elf:1)
  A steam dragon (D:8)
  4 basilisks
  2 hungry ghosts
  A hog (Shoals:1)
  3 wargs
  Edmund (D:5)
  An acid dragon (D:13)
  12 water moccasins
  10 porcupines
  22 orc warriors
  10 sky beasts
  2 black bears
  An eye of draining (D:14)
  4 phantoms
  12 ice beasts
  2 boggarts (Elf:1)
  6 ogres
  22 wolves
  17 centaurs
  9 crocodiles
  2 big kobolds (D:11)
  13 bullfrogs
  2 earth elementals (Elf:1)
  2 wyvern zombies (D:6)
  2 gnoll sergeants (D:10)
  A wyvern skeleton (D:14)
  2 scorpions (D:7)
  25 killer bees
  10 wights
  A howler monkey (D:4)
  An electric eel (Lair:3)
  9 crimson imps
  A bullfrog zombie (D:11)
  A quasit (D:11)
  6 hounds
  12 orc priests
  16 orc wizards
  2 gnoll shamans
  4 centaur skeletons
  3 jellies
  6 bullfrog skeletons
  5 iguanas
  8 worker ants
  5 hell rats (Lair:3)
  A hound zombie (D:5)
  A worker ant zombie (D:10)
  42 gnolls
  A howler monkey skeleton (D:5)
  12 adders
  3 shadow imps
  An ooze (D:5)
  An adder skeleton (D:9)
  An adder zombie (D:8)
  2 worms
  A dart slug (D:3)
  7 leopard geckos
  53 orcs
  6 bats
  4 giant cockroaches
  9 goblins
  16 hobgoblins
  4 jackals (D:5)
  24 kobolds
  3 quokkas
  5 ball pythons
  4 frilled lizards
  A jackal skeleton (D:7)
  A quokka zombie (D:6)
  6 rats
  A plant (Shoals:1)
  2 tentacles (Shoals:2)
860 creatures vanquished.

Vanquished Creatures (collateral kills)
  2 deep elf magi (Elf:1)
  A cyclops (D:10)
  A gargoyle (D:10)
  A warg (Orc:1)
  A black bear (D:13)
  3 orc warriors (Orc:1)
  2 wolves (D:9)
  A bullfrog zombie (D:10)
  2 orc priests (Orc:1)
  2 orc wizards
  3 gnolls (D:10)
  An adder (D:9)
  A leopard gecko (D:9)
  6 orcs
27 creatures vanquished.

Vanquished Creatures (others)
  Nikola (Shoals:2)
  A merfolk siren (Shoals:1)
  2 humans (Shoals:1)
  A shadow imp (D:11)
  14 fungi (Lair:6)
  23 plants
  2 tentacles (Shoals:2)
44 creatures vanquished.

Grand Total: 931 creatures vanquished

Notes
Turn   | Place    | Note
-------+----------+-------------------------------------------
     0 | D:1      | gobwax the Kobold Berserker began the quest for the Orb.
     0 | D:1      | Reached XP level 1. HP: 14/14 MP: 1/1
   179 | D:1      | Reached XP level 2. HP: 17/19 MP: 2/2
   505 | D:1      | Reached skill level 5 in Short Blades
   693 | D:2      | Reached XP level 3. HP: 14/23 MP: 3/3
   712 | D:2      | Found a hazy altar of Hepliaklqana.
   795 | D:2      | Reached XP level 4. HP: 15/28 MP: 4/4
  1115 | D:2      | Reached ** piety under Trog
  1168 | D:2      | Found a radiant altar of Vehumet.
  1724 | D:3      | Found a shadowy altar of Dithmenos.
  1745 | D:3      | Reached XP level 5. HP: 31/32 MP: 5/5
  2681 | D:4      | Found a bloodstained altar of Trog.
  2845 | D:4      | Noticed a phantom
  2940 | D:4      | Killed a phantom
  2940 | D:4      | Reached XP level 6. HP: 20/37 MP: 6/6
  3482 | D:5      | Entered Level 5 of the Dungeon
  3489 | D:5      | Reached XP level 7. HP: 31/41 MP: 7/7
  3941 | D:5      | Reached skill level 10 in Short Blades
  4017 | D:5      | Found a burning altar of Makhleb.
  4017 | D:5      | Found a sacrificial altar of Ru.
  4018 | D:5      | Found an opulent altar of Gozag.
  4269 | D:5      | Noticed a hungry ghost
  4277 | D:5      | Killed a hungry ghost
  4277 | D:5      | Reached *** piety under Trog
  4277 | D:5      | Reached XP level 8. HP: 46/46 MP: 8/8
  4481 | D:5      | Noticed Edmund
  4523 | D:5      | Killed Edmund
  5005 | D:6      | Found a glowing golden altar of the Shining One.
  5185 | D:6      | Found a sacrificial altar of Ru.
  5219 | D:6      | Found a white marble altar of Elyvilon.
  5279 | D:6      | Reached XP level 9. HP: 37/51 MP: 9/9
  5695 | D:6      | Found a deep blue altar of Sif Muna.
  5714 | D:6      | Reached skill level 3 in Dodging
  5715 | D:6      | Found a stormy altar of Qazlal.
  6118 | D:7      | Reached skill level 4 in Dodging
  6183 | D:7      | Found a staircase to the Ecumenical Temple.
  6772 | D:7      | Reached skill level 5 in Fighting
  6778 | D:7      | Reached **** piety under Trog
  7144 | D:8      | Noticed Gastronok
  7157 | D:8      | Found a hide-covered altar of Uskayaw.
  7158 | D:8      | Noticed a dagger
  7158 | D:8      | Noticed a hand axe
  7167 | D:8      | Reached skill level 5 in Dodging
  7332 | D:8      | Gained mutation: Your muscles are strong. (Str +2) [mutagenic meat]
  7333 | D:8      | Gained mutation: You have sharp fingernails. [mutagenic meat]
  7334 | D:8      | Gained mutation: You occasionally shout uncontrollably at your foes. [mutagenic meat]
  7345 | D:8      | Noticed a hippogriff
  7359 | D:8      | Killed a hippogriff
  7436 | D:8      | Noticed a two-headed ogre
  7446 | D:8      | Killed a two-headed ogre
  7446 | D:8      | Reached skill level 6 in Dodging
  7446 | D:8      | Reached XP level 10. HP: 64/64 MP: 7/10
  7776 | D:8      | Killed Gastronok
  7776 | D:8      | Reached skill level 10 in Fighting
  7776 | D:8      | Reached skill level 8 in Dodging
  7776 | D:8      | Reached XP level 11. HP: 50/72 MP: 6/11
  7841 | D:8      | Gained mutation: Your spells are a little harder to cast, but a little more powerful. [mutagenic meat]
  7842 | D:8      | Gained mutation: Scrolls take you a little longer to read. [mutagenic meat]
  7843 | D:8      | Gained mutation: Your system is resistant to poisons. (rPois) [mutagenic meat]
  7844 | D:8      | Gained mutation: You are frail. (-10% HP) [mutagenic meat]
  7972 | D:8      | Noticed a deep elf mage
  7985 | D:8      | Killed a deep elf mage
  8210 | D:9      | Noticed Grum
  8229 | D:9      | Killed Grum
  8253 | D:9      | Got an ichor-stained hand axe {drain}
  8274 | D:9      | Found a flagged portal.
  8283 | Bailey   | Entered a bailey
  8347 | Bailey   | Reached skill level 9 in Dodging
  8795 | D:9      | Reached ***** piety under Trog
  8855 | D:9      | Found an ancient bone altar of Kikubaaqudgha.
  8984 | D:9      | Noticed a two-headed ogre
  8998 | D:9      | Killed a two-headed ogre
  9310 | D:10     | Entered Level 10 of the Dungeon
  9376 | D:10     | Found Bikh's Antique Weapon Boutique.
  9388 | D:10     | Noticed Nergalle
  9403 | D:10     | Killed Nergalle
  9403 | D:10     | Reached skill level 10 in Dodging
  9522 | D:10     | Noticed Maurice
  9529 | D:10     | Noticed a two-headed ogre
  9537 | D:10     | Killed a two-headed ogre
  9557 | D:10     | Killed Maurice
  9638 | D:10     | Noticed a death knight
  9638 | D:10     | Noticed a green ugly thing
  9638 | D:10     | Noticed a cyclops
  9639 | D:10     | Lost mutation: Your muscles are strong. (Str +2) [potion of mutation]
  9639 | D:10     | Lost mutation: You occasionally shout uncontrollably at your foes. [potion of mutation]
  9639 | D:10     | Lost mutation: Your spells are a little harder to cast, but a little more powerful. [potion of mutation]
  9639 | D:10     | Lost mutation: Your system is resistant to poisons. (rPois) [potion of mutation]
  9639 | D:10     | Lost mutation: You are frail. (-10% HP) [potion of mutation]
  9639 | D:10     | Lost mutation: Scrolls take you a little longer to read. [potion of mutation]
  9639 | D:10     | Gained mutation: You have a pair of small horns on your head. [potion of mutation]
  9639 | D:10     | Gained mutation: Potions are less effective at restoring your health. [potion of mutation]
  9639 | D:10     | Gained mutation: You are covered in fur. (AC +1) [potion of mutation]
  9640 | D:10     | Lost mutation: Potions are less effective at restoring your health. [potion of mutation]
  9640 | D:10     | Lost mutation: You have a pair of small horns on your head. [potion of mutation]
  9640 | D:10     | Lost mutation: You are covered in fur. (AC +1) [potion of mutation]
  9640 | D:10     | Gained mutation: You expend magic power (3 MP) to strengthen your wands. [potion of mutation]
  9640 | D:10     | Gained mutation: You are partially covered in yellow scales. (AC +2) [potion of mutation]
  9640 | D:10     | Gained mutation: You have a pair of small horns on your head. [potion of mutation]
  9641 | D:10     | Lost mutation: You expend magic power (3 MP) to strengthen your wands. [potion of mutation]
  9641 | D:10     | Lost mutation: You have a pair of small horns on your head. [potion of mutation]
  9641 | D:10     | Gained mutation: Your mind is acute. (Int +2) [potion of mutation]
  9641 | D:10     | Gained mutation: Your system is resistant to poisons. (rPois) [potion of mutation]
  9641 | D:10     | Gained mutation: Your spells are a little harder to cast, but a little more powerful. [potion of mutation]
  9642 | D:10     | Lost mutation: You are partially covered in yellow scales. (AC +2) [potion of mutation]
  9642 | D:10     | Lost mutation: Your spells are a little harder to cast, but a little more powerful. [potion of mutation]
  9642 | D:10     | Lost mutation: Your mind is acute. (Int +2) [potion of mutation]
  9642 | D:10     | Lost mutation: You have sharp fingernails. [potion of mutation]
  9642 | D:10     | Lost mutation: Your system is resistant to poisons. (rPois) [potion of mutation]
  9642 | D:10     | Gained mutation: You are weak. (Str -2) [potion of mutation]
  9642 | D:10     | Gained mutation: You have a pair of small horns on your head. [potion of mutation]
  9642 | D:10     | Gained mutation: You are surrounded by a mild repulsion field. (EV +2) [potion of mutation]
  9643 | D:10     | Lost mutation: You are weak. (Str -2) [potion of mutation]
  9643 | D:10     | Lost mutation: You are surrounded by a mild repulsion field. (EV +2) [potion of mutation]
  9643 | D:10     | Lost mutation: You have a pair of small horns on your head. [potion of mutation]
  9643 | D:10     | Gained mutation: You have a somewhat thin skeletal structure. (Dex +2, Stealth) [potion of mutation]
  9643 | D:10     | Gained mutation: Armour fits poorly on your strangely shaped body. [potion of mutation]
  9643 | D:10     | Gained mutation: You are partially covered in icy blue scales. (AC +2) [potion of mutation]
  9658 | D:10     | Killed a death knight
  9658 | D:10     | Reached XP level 12. HP: 82/82 MP: 12/12
  9679 | D:10     | Reached skill level 11 in Dodging
  9945 | D:10     | Noticed a two-headed ogre
  9953 | D:10     | Killed a two-headed ogre
 10143 | D:10     | Reached skill level 12 in Dodging
 10159 | D:10     | Gained mutation: Your muscles are strong. (Str +2) [mutagenic meat]
 10163 | D:10     | Gained mutation: You are robust. (+10% HP) [mutagenic meat]
 10288 | D:10     | Gained mutation: Your mind is acute. (Int +2) [a neqoxec]
 10303 | D:10     | Noticed a soul eater
 10429 | D:10     | Noticed Fannar
 10444 | D:10     | Killed Fannar
 10450 | D:10     | Lost mutation: Your mind is acute. (Int +2) [potion of mutation]
 10450 | D:10     | Lost mutation: Armour fits poorly on your strangely shaped body. [potion of mutation]
 10450 | D:10     | Lost mutation: You have a somewhat thin skeletal structure. (Dex +2, Stealth) [potion of mutation]
 10450 | D:10     | Lost mutation: Your muscles are strong. (Str +2) [potion of mutation]
 10450 | D:10     | Gained mutation: Your muscles are strong. (Str +2) [potion of mutation]
 10450 | D:10     | Gained mutation: You have very sharp teeth. [potion of mutation]
 10677 | D:11     | Found Icvefe's Gadget Shop.
 10725 | D:11     | Noticed Erolcha
 10744 | D:11     | Killed Erolcha
 10800 | D:11     | Found a staircase to the Orcish Mines.
 10921 | D:11     | Reached skill level 13 in Dodging
 11081 | D:11     | Found a staircase to the Lair.
 11092 | D:11     | Reached XP level 13. HP: 99/99 MP: 13/13
 11114 | D:11     | Found a stormy altar of Qazlal.
 11569 | D:12     | Noticed a fire dragon
 11598 | D:12     | Killed a fire dragon
 11608 | D:12     | Received a gift from Trog
 11664 | D:12     | Reached skill level 14 in Dodging
 11889 | D:12     | Reached skill level 15 in Fighting
 12088 | D:12     | Noticed a centaur warrior
 12103 | D:12     | Killed a centaur warrior
 12168 | D:12     | Found Calyucli's Antique Armour Boutique.
 12347 | D:13     | Reached skill level 15 in Dodging
 12394 | D:13     | Noticed a centaur warrior
 12403 | D:13     | Killed a centaur warrior
 12562 | D:13     | Noticed Nessos
 12582 | D:13     | Noticed Rupert
 12598 | D:13     | Killed Nessos
 12626 | D:13     | Reached XP level 14. HP: 53/108 MP: 14/14
 12654 | D:13     | Killed Rupert
 12826 | D:13     | Reached skill level 16 in Dodging
 12835 | D:13     | Found a gate to the Vaults.
 13078 | D:13     | Received a gift from Trog
 13193 | D:13     | Reached skill level 17 in Dodging
 13193 | D:13     | Reached XP level 15. HP: 72/116 MP: 15/15
 14444 | D:15     | Entered Level 15 of the Dungeon
 14480 | D:15     | Reached skill level 18 in Dodging
 15043 | D:15     | Reached XP level 16. HP: 104/125 MP: 16/16
 15052 | D:15     | Found a staircase to the Depths.
 15596 | D:15     | Reached ****** piety under Trog
 15696 | Lair:1   | Entered Level 1 of the Lair of Beasts
 15852 | Lair:1   | Received a gift from Trog
 15970 | Lair:1   | Reached skill level 19 in Dodging
 16096 | Lair:1   | Noticed p0werm0de's ghost (journeyman DsBe)
 16117 | Lair:1   | Killed p0werm0de's ghost
 17667 | Lair:3   | Found a hole to the Spider Nest.
 17668 | Lair:3   | Found a staircase to the Shoals.
 17677 | Lair:3   | Found a labyrinth entrance.
 17686 | Lab      | Entered a labyrinth
 17939 | Lab      | Got a twitching tin ring
 17943 | Lab      | Got a colourful robe
 17980 | Lair:3   | Identified the +1 robe of Yffeluc {MP+9} (You found it in a labyrinth)
 18338 | Lair:3   | Received a gift from Trog
 19015 | Lair:4   | Identified the ring of Limitation {AC+2 Int+4} (You took it off a minotaur in a labyrinth)
 19556 | Lair:4   | You fall through a shaft for 2 floors!
 19556 | Lair:6   | Entered Level 6 of the Lair of Beasts
 19924 | Lair:6   | Reached skill level 20 in Dodging
 19962 | Lair:6   | HP: 3/127 [acid (6)]
 20745 | Lair:6   | Found a staircase to the Slime Pits.
 20890 | Lair:6   | Reached XP level 17. HP: 132/132 MP: 17/17
 21237 | Lair:6   | Identified a scroll of acquirement
 21238 | Lair:6   | Got a shimmering jade ring
 21240 | Lair:6   | Identified the ring of Faicrum {rCorr +Inv rN+} (You acquired it on level 6 of the Lair of Beasts)
 21653 | Lair:6   | Received a gift from Trog
 22057 | Lair:5   | Identified a +2 pair of boots of running (You acquired it on level 5 of the Lair of Beasts)
 22343 | Lair:5   | Received a gift from Trog
 22928 | Lair:4   | Found a glowing silver altar of Zin.
 23009 | Lair:4   | Noticed Sonja
 23348 | Orc:1    | Entered Level 1 of the Orcish Mines
 23372 | Orc:1    | Reached skill level 21 in Dodging
 23542 | Orc:1    | Found a frozen archway.
 23569 | IceCv    | Entered an ice cave
 23641 | IceCv    | Found a transporter.
 24220 | Orc:2    | Entered Level 2 of the Orcish Mines
 24241 | Orc:2    | Found a staircase to the Elven Halls.
 24785 | Orc:2    | Found Daeshurch's Jewellery Shoppe.
 24791 | Orc:2    | Received a gift from Trog
 24851 | Orc:2    | Found Kuofanicau's Magic Scroll Boutique.
 25043 | Orc:2    | Found Dokiffuq's Assorted Antiques.
 25068 | Orc:2    | Found Niss's Distillery.
 25127 | Orc:2    | Bought a scroll of enchant weapon for 180 gold pieces
 25127 | Orc:2    | Bought a scroll labeled DIOWEM OVIOLU for 24 gold pieces
 25243 | Elf:1    | Entered Level 1 of the Elven Halls
 26178 | Elf:1    | Received a gift from Trog
 26577 | Elf:1    | Reached XP level 18. HP: 141/141 MP: 18/18
 26869 | Shoals:1 | Entered Level 1 of the Shoals
 26911 | Shoals:1 | Noticed Kirke
 26934 | Shoals:1 | Killed Kirke
 26934 | Shoals:1 | Reached skill level 22 in Dodging
 27016 | Shoals:1 | Noticed Aizul
 27049 | Shoals:1 | Killed Aizul
 27921 | Shoals:2 | Found Teivef's Antique Weapon Emporium.
 28077 | Shoals:2 | Received a gift from Trog
 28097 | Shoals:2 | Found Kegaush's Weapon Emporium.
 28286 | Shoals:2 | Found Cehusotu's Food Shoppe.
 28501 | Shoals:2 | Found Kuutoiff's Book Emporium.
 28561 | Shoals:2 | Noticed a kraken
 28576 | Shoals:2 | Killed a kraken
 28660 | Shoals:2 | Noticed Nikola
 28700 | Shoals:2 | Killed Nikola
 28700 | Shoals:2 | Killed from afar by Nikola

Skill      XL: |  1  2  3  4  5  6  7  8  9 10 11 12 13 14 15 16 17 18 |
---------------+-------------------------------------------------------+-----
Short Blades   | 5 6 7 8 9 11 13 14 | 14.3
Dodging        | 6 8 10 13 15 17 18 20 21 22 | 22.7
Fighting       | 7 10 12 14 15 16 17 18 20 | 20.5
Armour         | |  1.5

Action                   |  1- 3 |  4- 6 |  7- 9 | 10-12 | 13-15 | 16-18 || total
-------------------------+-------+-------+-------+-------+-------+-------++-------
Melee: Short sword       |    63 |       |       |   529 |  1090 |   161 ||  1843
       Rapier            |    27 |   176 |   503 |   239 |       |       ||   945
       Bite              |       |       |       |    23 |   230 |   647 ||   900
       Quick blade       |       |       |       |       |       |  2313 ||  2313
       Dagger            |       |       |       |       |       |   404 ||   404
Invok: Berserk           |       |     4 |    11 |    18 |    14 |    20 ||    67
       Trog's Hand       |       |     2 |     3 |     7 |     7 |     6 ||    25
       Burn Spellbooks   |       |       |     1 |       |     1 |     2 ||     4
       Brothers in Arms  |       |       |       |     4 |       |     3 ||     7
  Use: Scroll            |       |       |     7 |    13 |    15 |    17 ||    52
       Potion            |       |       |       |     7 |     4 |    12 ||    23
 Stab: Sleeping          |       |     2 |     1 |     4 |     3 |     1 ||    11
       Distracted        |       |     1 |       |     1 |       |     1 ||     3
       Invisible         |       |       |       |       |       |     2 ||     2
  Eat: Chunk             |     3 |    11 |    30 |    42 |    30 |    56 ||   172
       Meat ration       |       |       |     1 |       |       |       ||     1
Armor: Animal skin       |    16 |    33 |    28 |       |       |       ||    77
       Leather armour    |       |       |    41 |     2 |       |       ||    43
       Steam dragon scal |       |       |       |   118 |   156 |   118 ||   392
       Acid dragon scale |       |       |       |       |       |    38 ||    38
       Robe              |       |       |       |       |       |   107 ||   107
Dodge: Dodged            |    66 |   130 |   222 |   531 |   939 |  2077 ||  3965
